 Dungeon Crawl Stone Soup version 0.28.0 (webtiles) character file.

Game seed: 14577585275462099775

38 Prodoman the Magician (level 3, 0/24 HPs)
             Began as a Demonspawn Hedge Wizard on Feb 4, 2022.
             Slain by a crimson imp (4 damage)
             ... summoned by Natasha
             ... on level 2 of the Dungeon.
             The game lasted 00:03:44 (2144 turns).

Prodoman the Magician (Demonspawn Hedge Wizard)     Turns: 2144, Time: 00:03:44

Health: 0/24       AC:  2    Str: 16    XL:     3   Next: 25%
Magic:  1/7        EV: 12    Int: 17    God:
Gold:   48         SH:  0    Dex: 12    Spells: 4/8 levels left

rFire   . . .      SeeInvis .   a - +0 dagger
rCold   . . .      Faith    .   (no shield)
rNeg    . . .      Spirit   .   b - +0 robe
rPois   .          Reflect  .   c - +0 hat
rElec   .          Harm     .   (no cloak)
rCorr   .          Rampage  .   (no gloves)
Will    .....                   (no boots)
Stlth   ++........              (no amulet)
HPRegen 0.08/turn               f - +6 ring of strength
MPRegen 0.10/turn               (no ring)

@: very slightly contaminated
A: antennae 1
a: no special abilities


You were on level 2 of the Dungeon.
You visited 1 branch of the dungeon, and saw 2 of its levels.

You collected 48 gold pieces.

Inventory:

Hand Weapons
 a - a +0 dagger (weapon)
Armour
 b - a +0 robe (worn)
 c - a +0 hat (worn)
Jewellery
 f - a +6 ring of strength (left hand)
Scrolls
 d - 2 scrolls of teleportation {unknown}
 e - a scroll of torment {unknown}


   Skills:
 + Level 2.1 Dodging
 - Level 2.0 Stealth
 + Level 3.2 Spellcasting
 + Level 1.5 Conjurations
 + Level 0.5 Hexes
 + Level 1.4 Summonings
 + Level 1.3 Translocations


You had 4 spell levels left.
You knew the following spells:

 Your Spells              Type           Power      Damage    Failure   Level
a - Magic Dart            Conj           28%        1d4       9%          1
b - Call Imp              Summ           7%         N/A       14%         2
c - Slow                  Hex            16%        N/A       14%         1

Your spell library contained the following spells:

 Spells                   Type           Power      Damage    Failure   Level
 Blink                    Tloc           14%        N/A       16%         2
 Conjure Flame            Conj/Fire      5%         6-21      36%         3
 Mephitic Cloud           Conj/Pois/Air  4%         N/A       38%         3


Dungeon Overview and Level Annotations

Branches:
Dungeon (2/15)

Altars:

Annotations:
D:2 Natasha


Innate Abilities, Weirdness & Mutations

You have a pair of small antennae on your head.


Message History

Natasha is heavily wounded.
Natasha misses you. The crimson imp hits you.
Casting: Magic Dart (safe; 9% risk of failure)
Confirm with . or Enter, or press ? or * to list all spells.
Aiming: Magic Dart (safe; 9% risk of failure)
Press: ? - help, Shift-Dir - straight line, f/p - Natasha
Aim: Natasha (heavily wounded, 100% to hit)
The magic dart hits Natasha.
Natasha is heavily wounded.
Natasha misses you. The crimson imp barely misses you.
You closely miss Natasha.
Natasha is heavily wounded.
Natasha casts a spell.
The crimson imp hits you.
You barely miss Natasha.
Natasha is heavily wounded.
Natasha claws you but does no damage. The crimson imp misses you.
You hit Natasha.
Natasha is severely wounded.
Natasha claws you!
The crimson imp blinks! x2
You hit Natasha but do no damage.
Natasha is severely wounded.
Natasha claws you.
* * * LOW HITPOINT WARNING * * *
The crimson imp grinds its teeth.
You closely miss Natasha.
Natasha is severely wounded.
Natasha closely misses you.
You hit Natasha but do no damage.
Natasha is severely wounded.
Natasha claws you.
* * * LOW HITPOINT WARNING * * *
The crimson imp blinks!
You hit Natasha.
Natasha is almost dead.
The crimson imp closely misses you. Natasha closely misses you.
You hit Natasha but do no damage.
Natasha is almost dead.
The crimson imp hits you.
You die...

##..)##.##.####...#
#..###..##.#......#
#......#.........##.###
#.#.#.##.#.............
#.#....#.###.##.#######
#.#......# #.##.#.##
#.##>..#.# #.......#
#.# #.## # ####5#.##
#.# #.# #@#.#
.......h#.# ######....#
5..... #.....# #ยง#...#
#.#.### #....


You could see Natasha and 2 crimson imps.

Vanquished Creatures
  2 dart slugs (D:1)
  A worm (D:2)
  3 ball pythons (D:1)
  4 endoplasms
  A giant cockroach (D:1)
  A hobgoblin (D:1)
  7 kobolds
  2 quokkas
  2 bats (D:1)
  4 frilled lizards
  2 goblins (D:1)
  4 rats (D:1)
33 creatures vanquished.

Notes
Turn   | Place    | Note
-------+----------+-------------------------------------------
     0 | D:1      | Prodoman the Demonspawn Hedge Wizard began the quest for
                  | the Orb.
     0 | D:1      | Reached XP level 1. HP: 13/13 MP: 4/4
    98 | D:1      | Reached skill level 1 in Translocations
   487 | D:1      | Discovered your monstrous ancestry.
   487 | D:1      | Gained mutation: You have a pair of small antennae on your
                  | head. [demonic ancestry]
   487 | D:1      | Reached XP level 2. HP: 19/19 MP: 4/6
   666 | D:1      | Learned a level 2 spell: Call Imp
   668 | D:1      | Learned a level 1 spell: Slow
  1526 | D:1      | Reached XP level 3. HP: 24/24 MP: 3/7
  2123 | D:2      | Noticed Natasha
  2144 | D:2      | Slain by a crimson imp

Illustrated notes

Levels and vault maps discovered:
D:1:      dpeg_arrival_fog, layout_basic
D:2:      layout_loops_corners, ebering_ecumenical_altar_sacrificial,
          grunt_decor_cap, minmay_pentomino_s2, uniq_natasha, uniq_robin

Skill      XL: |  1  2 |
---------------+-------+-----
Translocations | 1 |  1.3
Stealth        | 2 |  2.0
Dodging        | 2 |  2.1
Spellcasting   | |  3.2
Conjurations   | |  1.5
Hexes          | |  0.5
Summonings     | |  1.4

Action                   || total
-------------------------++-------
Melee: Dagger            ||    48
 Cast: Magic Dart        ||    86
Armor: Robe              ||    10
Dodge: Dodged            ||    32
